 Dungeon Crawl Stone Soup version 0.25-a0-167-g836c352ace (webtiles) character file.

Game seed: 4419950341247910390, levelgen mode: deterministic

418 Leeroy the Conjurer (level 6, -13/45 HPs)
             Began as a Draconian Conjurer on Nov 25, 2019.
             Mangled by an ogre
             ... wielding a cursed -1 giant club
              (22 damage)
             ... on level 2 of the Dungeon.
             The game lasted 00:05:42 (4995 turns).

Leeroy the Conjurer (Draconian Conjurer)            Turns: 4995, Time: 00:05:42

Health: -13/45     AC:  6    Str: 10    XL:     6   Next: 61%
Magic:  7/9        EV: 12    Int: 18    God:
Gold:   162        SH:  0    Dex: 11    Spells: 2/9 levels left

rFire    . . .     SeeInvis .   o - +1 short sword (venom)
rCold    . . .     Gourm    .   (no shield)
rNeg     . . .     Faith    .   (armour unavailable)
rPois    .         Spirit   .   (helmet restricted)
rElec    .         Reflect  .   (no cloak)
rCorr    .         Harm     .   (no gloves)
MR       .....                  (no boots)
Stlth    +++.......             (no amulet)
HPRegen  0.15/turn              (no ring)
MPRegen  0.11/turn              (no ring)

@: no status effects
A: unfitting armour, cold-blooded, AC +6
a: no special abilities


You were on level 2 of the Dungeon.
You were very hungry.

You visited 1 branch of the dungeon, and saw 4 of its levels.

You collected 162 gold pieces.

Inventory:

Hand Weapons
 a - a +0 short sword
 d - a +0 dagger
 h - a +2 dagger of draining
 j - a +3 short sword
 o - a +1 short sword of venom (weapon)
 v - a +0 long sword
 y - a +3 dagger
Jewellery
 l - an uncursed ring of protection from magic {unknown}
 t - a +5 ring of intelligence {unknown}
Scrolls
 c - 3 scrolls of teleportation {unknown}
 f - 2 scrolls of enchant armour {unknown}
 i - 5 scrolls of remove curse {unknown}
 m - 2 scrolls of noise {unknown}
 p - a scroll of blinking {unknown}
 r - 7 scrolls of identify {unknown}
 s - a scroll of immolation {unknown}
Potions
 e - a potion of invisibility {unknown}
 g - 2 potions of haste {unknown}
 k - a potion of curing {unknown}
 n - a potion of brilliance {unknown}
 q - a potion of mutation {unknown}
 u - a potion of magic {unknown}
 w - a potion of flight {unknown}
 x - a potion of ambrosia {unknown}
Comestibles
 b - 5 rations


   Skills:
 - Level 1.7 Dodging
 - Level 5.0 Stealth
 - Level 2.0 Spellcasting
 + Level 6.4 Conjurations


You had 2 spell levels left.
You knew the following spells:

 Your Spells              Type           Power        Failure   Level  Hunger
a - Magic Dart            Conj           ####         1%          1    #......
b - Searing Ray           Conj           ####..       1%          2    ###....
c - Iskenderun's Mystic   Conj           ####....     13%         4    #####..

Your spell library contained the following spells:

 Spells                   Type           Power        Failure   Level  Hunger
 Dazzling Spray           Conj/Hex       ##....       14%         3    ###....
 Force Lance              Conj/Tloc      ##......     43%         4    #####..
 Fulminant Prism          Conj/Hex       ##........   43%         4    #####..


Dungeon Overview and Level Annotations

Branches:
Dungeon (4/15)
 Temple: D:4-7

Altars:


Innate Abilities, Weirdness & Mutations

Your plain brown scales are hard. (AC +6)
You cannot fit into any form of body armour.
You are cold-blooded and may be slowed by cold attacks.


Message History

You hit the gnoll shaman.
The gnoll shaman is poisoned.
The gnoll shaman is moderately wounded.
The gnoll shaman closely misses you.
You kill the gnoll shaman!
Casting: Searing Ray (safe; 1% risk of failure)
Confirm with . or Enter, or press ? or * to list all spells.
Aiming: Iskenderun's Mystic Blast (safe; 13% risk of failure)
Press: ? - help, Shift-Dir - straight line, f - ogre
Aim: an ogre, wielding a -1 giant club The orb of energy hits the ogre!
The ogre is moderately wounded.
You hit the ogre.
The ogre is poisoned.
You tail-slap the ogre.
The ogre is moderately wounded.
The ogre hits you with a cursed -1 giant club!!
* * * LOW HITPOINT WARNING * * *
The ogre looks more healthy.
You hit the ogre.
The ogre is poisoned.
The ogre is almost dead.
The ogre hits you with a cursed -1 giant club!!
You die...

## ############### .#
#>............#
.###########.###########.#
...........#.# #.#
##########.#.# #.#
##.#.####### #.#
#>.....O@..# #.#
#>.#.#####)# #.# #..#.#
#.# #.# #########..#.# #.#
#.# #..........#.# #.# #.#
#.########.#.#####.#####.#
..# #.#.............# ###
#)#######.#######
..########.# #.#


You could see an ogre.

Vanquished Creatures
  A bullfrog (D:4)
  5 hounds
  A gnoll shaman (D:2)
  2 gnolls (D:3)
  7 adders
  A howler monkey skeleton (D:4)
  An ooze (D:2)
  4 worms
  2 dart slugs
  A leopard gecko (D:3)
  2 orcs
  5 bats
  2 giant cockroaches (D:1)
  4 goblins
  4 hobgoblins
  5 jackals
  3 quokkas
  6 frilled lizards
  6 kobolds
  A leopard gecko skeleton (D:4)
  12 rats
75 creatures vanquished.

Notes
Turn   | Place    | Note
-------+----------+-------------------------------------------
     0 | D:1      | Leeroy the Draconian Conjurer began the quest for the Orb.
     0 | D:1      | Reached XP level 1. HP: 14/14 MP: 3/3
   331 | D:1      | Reached XP level 2. HP: 18/20 MP: 5/5
   405 | D:1      | Learned a level 2 spell: Searing Ray
  1407 | D:2      | Reached XP level 3. HP: 26/26 MP: 6/6
  1875 | D:2      | Reached XP level 4. HP: 22/33 MP: 7/7
  2387 | D:3      | Reached skill level 5 in Stealth
  2830 | D:3      | Reached XP level 5. HP: 37/38 MP: 8/8
  2838 | D:3      | Learned a level 4 spell: Iskenderun's Mystic Blast
  3261 | D:4      | Reached skill level 5 in Conjurations
  3396 | D:4      | Reached XP level 6. HP: 31/45 MP: 9/9
  3580 | D:4      | Reached skill level 6 in Conjurations
  4995 | D:2      | Mangled by an ogre

Levels and vault maps discovered:
D:1:      dpeg_arrival_tiny_h, layout_basic
D:2:      kennysheep_six_static_rooms, layout_loops_ring, due_unseen_surprise
D:3:      layout_loops_cross, serial_rivers, chequers_serial_rivers_micro_e,
          chequers_serial_rivers_micro_a, chequers_serial_rivers_micro_c,
          chequers_serial_rivers_room_a
D:4:      layout_basic, grunt_dithmenos_shadows, st_stairs_8,
          minmay_manual_macuahuitl

Skill      XL: |  1  2  3  4  5  6 |
---------------+-------------------+-----
Stealth        | 2 3 4 5 |  5.0
Conjurations   | 5 6 |  6.4
Dodging        | |  1.7
Spellcasting   | |  2.0

Action                   |  1- 3 |  4- 6 || total
-------------------------+-------+-------++-------
Melee: Short sword       |    96 |   146 ||   242
       Tailslap          |     8 |    14 ||    22
 Cast: Magic Dart        |     2 |       ||     2
       Searing Ray       |     3 |       ||     3
       Iskenderun's Myst |       |     1 ||     1
 Stab: Sleeping          |     4 |     9 ||    13
       Distracted        |       |     1 ||     1
  Eat: Chunk             |     3 |     9 ||    12
Armor: Skin              |    31 |    44 ||    75
Dodge: Dodged            |    67 |   113 ||   180

Table legend:
 A = Non-vault XP
 B = Vault XP
 C = Vault XP percentage of total XP
 D = Non-vault monster count
 E = Vault monster count
 F = Vault count percentage of total count
                 A         B        C        D         E       F
            +---------+---------+-------+---------+---------+-------
      Total |     548 |      50 |   8.4 |      69 |       6 |   8.0
            +---------+---------+-------+---------+---------+-------
        D:1 |      32 |       0 |   0.0 |      20 |       0 |   0.0
        D:2 |     102 |      50 |  32.9 |      17 |       6 |  26.1
        D:3 |     149 |       0 |   0.0 |      19 |       0 |   0.0
        D:4 |     265 |       0 |   0.0 |      13 |       0 |   0.0
            +---------+---------+-------+---------+---------+-------
